Map: [ESL] Dynasty

Players

uThermal - Winner!

  • Race: Terran Terran
  • Spawn Location: 1:00

PtitDrogo

  • Race: Protoss Protoss
  • Spawn Location: 7:00

Event: ESL SC2 Masters 2024 Spring (Regional)

VOD

Have the link to the VOD?

Description

Time

  • Played on: April 13, 2024, noon
  • Length: 4:46

All games in this series

Show
View Real Time Build Order
Export as new Build Order

uThermal Terran - Winner!

Build Orders:  

Get SALT Encoding   

  12  0:00  SCV  
  13  0:12  SCV  
  14  0:18  Supply Depot  
  14  0:24  SCV  
  15  0:39  SCV  
  15  0:40  Barracks  
  16  0:46  Refinery  
  16  0:51  SCV  
  16  0:55  Refinery  
  17  1:03  SCV  
  18  1:16  SCV  
  19  1:27  Reaper  
  19  1:28  Orbital Command  
  20  1:36  Bunker  
  20  1:44  Factory  
  20  1:55  SCV  
  20  2:00  Barracks Tech Lab  
  21  2:01  Supply Depot  
  21  2:07  SCV  
  22  2:18  Concussive Shells  
  22  2:20  SCV  
  23  2:23  Marauder  
  27  2:30  Hellion  
  27  2:36  Supply Depot, Starport  
  27  2:45  Marauder  
  30  2:53  Hellion  
  30  2:57  SCV  
  31  2:59  Supply Depot  
  31  3:06  Marauder  
  33  3:13  Medivac  
  33  3:14  Supply Depot  
  33  3:19  Hellion  
  37  3:27  Marauder  
  37  3:49  Marauder  
  37  3:54  Medivac  
  37  3:55  Hellion  
  34  4:10  Marauder  
  34  4:16  Hellion  
  38  4:18  Command Center  
  38  4:20  SCV  
Show
View Real Time Build Order
Export as new Build Order

PtitDrogo Protoss 

Build Orders:  

Get SALT Encoding   

  12  0:00  Probe  
  13  0:12  Probe  
  14  0:17  Pylon  
  14  0:24  Probe (Chrono Boost)  
  15  0:36  Gateway  
  15  0:37  Probe (Chrono Boost)  
  16  0:44  Probe (Chrono Boost)  
  16  0:45  Assimilator  
  17  0:51  Probe  
  18  1:03  Probe  
  19  1:15  Probe  
  20  1:24  Cybernetics Core  
  20  1:30  Zealot  
  22  1:32  Pylon  
  22  1:35  Probe  
  23  1:50  Nexus  
  23  1:57  Probe  
  23  1:58  Stalker (Chrono Boost)  
  24  2:02  Warp Gate (Chrono Boost)  
  24  2:08  Assimilator  
  26  2:16  Probe  
  27  2:32  Probe  
  27  2:34  Pylon  
  28  2:37  Gateway  
  28  2:39  Stalker (Chrono Boost)  
  30  2:45  Probe  
  31  2:57  Probe  
  32  3:02  Twilight Council  
  32  3:06  Probe  
  32  3:09  Probe  
  33  3:18  Probe  
  34  3:20  Stalker  
  34  3:21  Shield Battery  
  33  3:31  Robotics Facility  
  31  3:40  Shield Battery  
  31  3:46  Stalker  
  19  4:03  Probe (Chrono Boost)  
  21  4:13  Sentry  
  21  4:15  Probe (Chrono Boost)  
  24  4:18  Probe (Chrono Boost)  
  24  4:20  Probe (Chrono Boost)  
  24  4:22  Sentry  
  27  4:26  Probe  
Tags
 
Add a new tag
Caveats
  • Supply blocks, unpowered buildings, or Contaminate may cause inaccurate times.
  • Supply counts are checked every 10 seconds.